 Dungeon Crawl Stone Soup version 0.29-a0-925-g0a7a3d12f8 (webtiles) character file.

Game seed: 3568536237873519571

7 nickcage the Firebug (level 1, 0/14 HPs)
             Began as a Draconian Fire Elementalist on July 28, 2022.
             Constricted to death by a ball python (1 damage)
             ... on level 1 of the Dungeon.
             The game lasted 00:02:06 (197 turns).

nickcage the Firebug (Draconian Fire Elementalist)   Turns: 197, Time: 00:02:07

Health: 0/14       AC:  4    Str: 10    XL:     1   Next: 83%
Magic:  0/3        EV:  9    Int: 15    God:
Gold:   38         SH:  0    Dex: 11    Spells: 3/4 levels left

rFire   . . .      SeeInvis .   c - +0 dagger
rCold   . . .      Faith    .   (no shield)
rNeg    . . .      Spirit   .   (body armour unavailable)
rPois   .          Reflect  .   (helmet restricted)
rElec   .          Harm     .   (no cloak)
rCorr   .          Rampage  .   (no gloves)
Will    .....                   (no boots)
Stlth   ++........              (no amulet)
HPRegen 0.04/turn               (no ring)
MPRegen 0.08/turn               (no ring)

@: constricted
A: AC +4, unfitting armour, cold-blooded
a: no special abilities


You were on level 1 of the Dungeon.
You visited 1 branch of the dungeon, and saw 1 of its levels.

You collected 38 gold pieces.

Inventory:

Hand Weapons
 c - a +0 dagger (weapon)
Potions
 a - a potion of magic
 b - a potion of curing {unknown}


   Skills:
 - Level 1.7 Dodging
 - Level 1.7 Stealth
 + Level 2.1 Spellcasting
 - Level 1.0 Conjurations
 + Level 3.3 Fire Magic


You had 3 spell levels left.
You knew the following spells:

 Your Spells              Type           Power      Damage    Failure   Level
a - Foxfire               Conj/Fire      32%        2x1d5     9%          1

Your spell library contained the following spells:

 Spells                   Type           Power      Damage    Failure   Level
 Scorch                   Fire           22%        2d6       9%          2
 Conjure Flame            Conj/Fire      8%         6-21      26%         3
 Inner Flame              Hex/Fire       6%         N/A       32%         3
 Flame Wave               Conj/Fire      8%         2d5       65%         4


Dungeon Overview and Level Annotations

Branches:
Dungeon (1/15)

Altars:


Innate Abilities, Weirdness & Mutations

Your plain brown scales are hard. (AC +4)
You cannot fit into any form of body armour.
You are cold-blooded and may be slowed by cold attacks.


Message History

You hit the hobgoblin but do no damage.
The hobgoblin is heavily wounded.
The hobgoblin hits you. The ball python barely misses you.
The ball python grabs you. The ball python constricts you.
Your magical contamination has completely faded away.
You hit the hobgoblin but do no damage.
The hobgoblin is heavily wounded.
The hobgoblin closely misses you. The ball python bites you.
The ball python constricts you.
You hit the hobgoblin but do no damage. You tail-slap the hobgoblin.
The hobgoblin is almost dead.
The hobgoblin closely misses you. The ball python loses its grip on you.
You closely miss the hobgoblin.
The hobgoblin is almost dead.
The ball python bites you but does no damage.
The ball python grabs you. The ball python constricts you.
The hobgoblin barely misses you.
You hit the hobgoblin but do no damage.
Your tail-slap misses the hobgoblin.
The hobgoblin is almost dead.
The ball python closely misses you. The ball python constricts you.
The ball python bites you.
The hobgoblin hits you but does no damage.
You hit the hobgoblin.
You kill the hobgoblin!
The ball python misses you. The ball python constricts you.
The ball python bites you but does no damage.
The ball python barely misses you. The ball python constricts you.
The ball python bites you.
* * * LOW HITPOINT WARNING * * *
You barely miss the ball python. The rat bites you.
* * * LOW HITPOINT WARNING * * *
The ball python bites you but does no damage.
The ball python constricts you.
* * * LOW HITPOINT WARNING * * *
The ball python barely misses you.
You hit the ball python.
The ball python is moderately wounded.
The rat barely misses you. The ball python closely misses you.
The ball python constricts you.
You die...

....g. ..#....# #.#.##.#
# #.#.##.#.# #.#....#.##
#.#..#....#
#.#....#..###
#.Sr.........#
####+####S@......##.#
.............#....# #
..............>.....
###.............#####
############......##....
.......### ##.....#
##### .........##
##....# .##'##....##
#....# ###.####...#
#....#


You could see 2 ball pythons and a rat.

Vanquished Creatures
  2 endoplasms (D:1)
  A giant cockroach (D:1)
  A hobgoblin (D:1)
  A kobold (D:1)
5 creatures vanquished.

Vanquished Creatures (others)
  17 foxfires (D:1)
17 creatures vanquished.

Grand Total: 22 creatures vanquished

Notes
Turn   | Place    | Note
-------+----------+-------------------------------------------
     0 | D:1      | nickcage the Draconian Fire Elementalist began the quest
                  | for the Orb.
     0 | D:1      | Reached XP level 1. HP: 14/14 MP: 3/3
   197 | D:1      | Constricted to death by a ball python

Illustrated notes

Levels and vault maps discovered:
D:1:      dpeg_arrival_concentric_ovals, layout_basic

Action                   || total
-------------------------++-------
Melee: Dagger            ||     9
       Unarmed           ||     1
       Tailslap          ||     1
 Cast: Foxfire           ||    10
Armor: Skin              ||     4
Dodge: Dodged            ||    12

Table legend: (Time is in decaauts)
 A = Elapsed time spent in this place.
 B = Non-inter-level travel time spent in this place.
 C = Inter-level travel time spent in this place.
 D = Time resting spent in this place.
 E = Time spent auto-exploring this place.
 F = Levels seen in this place.
 G = Mean time per level.
                   A        B        C        D        E       F      G
               +--------+--------+--------+--------+--------+-----+--------+
         Total |    196 |    196 |      0 |      0 |    132 |   1 |  196.0 |
       Dungeon |    196 |    196 |      0 |      0 |    132 |   1 |  196.0 |
               +--------+--------+--------+--------+--------+-----+--------+

Top non-repeatable levels by time:
     D:1: 196 daAuts
